 Dungeon Crawl Stone Soup version 0.20.1-1-g8b1a95d (console) character file.

2556 Kloppie the Carver (level 9, 0/73 HPs)
             Began as a Minotaur Gladiator on July 9, 2017.
             Was a Priest of Okawaru.
             Succumbed to Goboxel's ghost's poison
             ... on level 7 of the Dungeon.
             The game lasted 00:09:06 (5835 turns).

Kloppie the Carver (Minotaur Gladiator)             Turns: 5835, Time: 00:09:07

Health: 0/73       AC: 15    Str: 22    XL:     9   Next: 31%
Magic:  7/8        EV:  8    Int:  5    God:    Okawaru [***...]
Gold:   322        SH:  0    Dex: 12    Spells: 8/8 levels left

rFire    + . .     SeeInvis .   b - +2 falchion (freeze)
rCold    + + .     Gourm    .   (no shield)
rNeg     . . .     Faith    +   E - +0 plate armour
rPois    +         Spirit   .   c - +0 hat
rElec    +         Reflect  .   (no cloak)
rCorr    +         Harm     .   (no gloves)
MR       +....                  w - +0 pair of boots (curse)
Stlth    ..........             o - amulet of faith
Regen    0.3/turn               r - ring of protection from magic
MPRegen  0.2/turn               v - ring of protection from cold

@: lethally poisoned (0 -> -12), resistant, flying, hasted, very quick
A: retaliatory headbutt, horns 2, frail 1, mutation resistance 1
a: Heroism, Renounce Religion


You were on level 7 of the Dungeon.
You worshipped Okawaru.
Okawaru was most pleased with you.
You were not hungry.

You visited 2 branches of the dungeon, and saw 8 of its levels.

You collected 497 gold pieces.
You spent 175 gold pieces at shops.

Inventory:

Hand Weapons
 a - a +2 long sword
 b - a +2 falchion of freezing (weapon)
Armour
 c - a +0 hat (worn)
 w - a cursed +0 pair of boots (worn)
 E - a +0 plate armour (worn)
Jewellery
 o - an amulet of faith (around neck)
 q - an uncursed amulet of regeneration
 r - a ring of protection from magic (left hand)
 v - a ring of protection from cold (right hand)
Scrolls
 h - 3 scrolls of magic mapping
 m - 4 scrolls of remove curse
 n - a scroll of noise
 p - a scroll of amnesia
 s - 5 scrolls of identify
 u - a scroll of enchant weapon
 y - a scroll of teleportation
Potions
 e - a potion of cancellation
 i - a potion of magic
 z - 2 potions of brilliance
Books
 d - a book of Minor Magic

   Spells                             Type                      Level
   a - Magic Dart                     Conjuration                  1
   b - Blink                          Translocation                2
   c - Call Imp                       Summoning                    2
   d - Slow                           Hexes                        2
   e - Conjure Flame                  Conjuration/Fire             3
   f - Mephitic Cloud                 Conjuration/Poison/Air       3
 k - a book of Flames

   Spells                             Type                      Level
   a - Flame Tongue                   Conjuration/Fire             1
   b - Throw Flame                    Conjuration/Fire             2
   c - Conjure Flame                  Conjuration/Fire             3
   d - Inner Flame                    Hexes/Fire                   3
   e - Sticky Flame                   Conjuration/Fire             4
   f - Fireball                       Conjuration/Fire             5
Comestibles
 f - 11 bread rations
 g - 8 royal jellies
 l - 6 chunks of flesh
 t - 2 meat rations
 A - 3 fruits


   Skills:
 + Level 8.7 Fighting
 - Level 9.9 Long Blades
 - Level 2.0 Throwing
 - Level 8.5 Armour
 - Level 3.2 Dodging


You had 8 spell levels left.
You didn't know any spells.

Dungeon Overview and Level Annotations

Branches:
Dungeon (7/15)             Temple (1/1) D:4

Altars:
Ashenzari
Cheibriados
Dithmenos
Elyvilon
Gozag
Hepliaklqana
Kikubaaqudgha
Makhleb
Nemelex Xobeh
Okawaru
Qazlal
Ru
Sif Muna
Trog
Uskayaw
Vehumet
Xom
Yredelemnul
Zin
The Shining One

Shops:
D:4 :   D:6 (?

Annotations:
D:7 Goboxel's ghost, novice HuIE


Innate Abilities, Weirdness & Mutations

You reflexively headbutt those who attack you in melee.
You have a pair of horns on your head.
You are frail. (-10% HP)
You are somewhat resistant to further mutation.


Message History

* * * LOW HITPOINT WARNING * * *
* * * LOW HITPOINT WARNING * * *
You feel sick.
There is a stone staircase leading up here.
You stop ascending the stairs.
Your surroundings suddenly seem different.
* * * LOW HITPOINT WARNING * * *
You feel sick.
You feel like a meek peon again.
* * * LOW HITPOINT WARNING * * *
You feel sick.
Okay, then.
You aren't carrying any items that you can evoke.
Unknown command.
Unknown command.
* * * LOW HITPOINT WARNING * * *
You feel sick.
* * * LOW HITPOINT WARNING * * *
You feel sick.
You die...

#....# #........#
#.##.# #........#
#.##.#####........####
#>.......+........'...
#.....####........####
#.....'...............
#.....################
#.....# #####
#....@##### #...#
#.........# #...#
#.....###.# #...#
#########'####...#
#.........#
##.......###
#..).....# #........#
#..รท.....#


There were no monsters in sight!

Vanquished Creatures
  Grinder (D:4)
  A spriggan (D:7)
  Eustachio (D:5)
  An orc warrior (D:4)
  A water moccasin (D:6)
  3 ice beasts (D:5)
  A sky beast (D:6)
  3 ogres
  2 centaurs
  A bullfrog (D:7)
  A wyvern skeleton (D:6)
  A scorpion (D:7)
  6 killer bees (D:7)
  5 hounds
  2 orc wizards (D:4)
  2 iguanas (D:5)
  6 worker ants
  A killer bee zombie (D:6)
  4 gnolls (D:5)
  10 adders
  A shadow imp (D:6)
  An adder skeleton (D:3)
  3 worms
  3 dart slugs
  6 leopard geckos
  11 orcs
  A ball python (D:5)
  7 giant cockroaches
  8 goblins
  5 hobgoblins
  3 jackals (D:6)
  4 quokkas
  5 bats
  A frilled lizard (D:1)
  6 kobolds
  A leopard gecko skeleton (D:4)
  6 rats
125 creatures vanquished.

Vanquished Creatures (others)
  An adder (D:4)
1 creature vanquished.

Grand Total: 126 creatures vanquished

Notes
Turn   | Place    | Note
-------+----------+-------------------------------------------
     0 | D:1      | Kloppie the Minotaur Gladiator began the quest for the Orb.
     0 | D:1      | Reached XP level 1. HP: 18/18 MP: 0/0
   222 | D:1      | Reached skill level 4 in Long Blades
   369 | D:1      | Reached XP level 2. HP: 15/25 MP: 1/1
   896 | D:2      | Reached skill level 5 in Long Blades
  1044 | D:2      | Reached XP level 3. HP: 25/30 MP: 2/2
  1256 | D:2      | Reached skill level 6 in Long Blades
  1256 | D:2      | Reached XP level 4. HP: 34/37 MP: 3/3
  1417 | D:2      | Found a white marble altar of Elyvilon.
  1731 | D:3      | Found a snail-covered altar of Cheibriados.
  1820 | D:3      | Reached XP level 5. HP: 42/42 MP: 4/4
  1882 | D:3      | Reached skill level 7 in Long Blades
  2020 | D:4      | Noticed Grinder
  2021 | D:4      | Paralysed by Grinder for 2 turns
  2026 | D:4      | Paralysed by Grinder for 5 turns
  2043 | D:4      | Killed Grinder
  2043 | D:4      | Reached skill level 5 in Fighting
  2043 | D:4      | Reached XP level 6. HP: 14/56 MP: 5/5
  2304 | D:4      | Found Dyopamimuo's Book Shop.
  2363 | D:4      | Found a basalt altar of Yredelemnul.
  3014 | D:4      | Found a staircase to the Ecumenical Temple.
  3023 | Temple   | Entered the Ecumenical Temple
  3233 | Temple   | Became a worshipper of Warmaster Okawaru
  3305 | D:4      | Noticed an orc warrior
  3310 | D:4      | Gained mutation: You are frail. (-10% HP) [potion of mutation]
  3310 | D:4      | Gained mutation: You are somewhat resistant to further mutation. [potion of mutation]
  3323 | D:4      | Killed an orc warrior
  3323 | D:4      | Reached XP level 7. HP: 49/57 MP: 6/6
  3480 | D:5      | Entered Level 5 of the Dungeon
  3659 | D:5      | Reached * piety under Okawaru
  3659 | D:5      | Reached skill level 5 in Armour
  3954 | D:5      | Noticed Eustachio
  3972 | D:5      | Killed Eustachio
  4004 | D:5      | Reached XP level 8. HP: 58/63 MP: 7/7
  4330 | D:6      | Found a glowing silver altar of Zin.
  4331 | D:6      | Noticed an angel
  4335 | D:6      | Found a shimmering altar of Xom.
  4361 | D:6      | Found a shattered altar of Ashenzari.
  4510 | D:6      | Found Ussypn's Magic Scroll Boutique.
  4514 | D:6      | Bought a scroll of identify for 26 gold pieces
  4514 | D:6      | Bought a scroll of identify for 26 gold pieces
  4514 | D:6      | Bought a scroll of identify for 26 gold pieces
  4514 | D:6      | Bought a scroll of enchant weapon for 97 gold pieces
  4564 | D:6      | Found Nosoagepp's Antique Weapon Shop.
  4602 | D:6      | Reached ** piety under Okawaru
  4602 | D:6      | Reached skill level 8 in Long Blades
  4759 | D:6      | Reached skill level 9 in Long Blades
  5286 | D:7      | Reached XP level 9. HP: 45/70 MP: 8/8
  5294 | D:7      | Reached *** piety under Okawaru
  5791 | D:7      | Noticed Goboxel's ghost (novice HuIE)
  5831 | D:7      | HP: 3/73 [poisoned by Goboxel's ghost]
  5833 | D:7      | HP: 1/73 [poisoned by Goboxel's ghost]
  5835 | D:7      | Succumbed to Goboxel's ghost's poison

Skill      XL: |  1  2  3  4  5  6  7  8  9 |
---------------+----------------------------+-----
Long Blades    | 4 5 6 7 9 |  9.9
Fighting       | 5 6 8 |  8.7
Armour         | 2 7 8 |  8.5
Throwing       | |  2.0
Dodging        | |  3.2

Action                   |  1- 3 |  4- 6 |  7- 9 || total
-------------------------+-------+-------+-------++-------
Melee: Long sword        |    54 |    85 |    55 ||   194
       Headbutt          |     9 |    17 |    51 ||    77
       Falchion          |       |       |   175 ||   175
Throw: Throwing net      |     2 |     2 |       ||     4
Invok: Heroism           |       |       |     1 ||     1
  Use: Potion            |       |     5 |     6 ||    11
       Scroll            |       |       |    12 ||    12
  Eat: Chunk             |     1 |     5 |    10 ||    16
Armor: Ring mail         |    17 |    20 |       ||    37
       Skin              |       |     9 |    16 ||    25
       Plate armour      |       |     2 |   118 ||   120
Dodge: Dodged            |    27 |    44 |    82 ||   153
       Rpst.: Long sword |     7 |    13 |     4 ||    24
       Falchion          |       |       |    32 ||    32
